 Dungeon Crawl Stone Soup version 0.19.4-9-g45fd643 (webtiles) character file.

100 Morrissey the Cudgeler (level 4, 0/49 HPs)
             Began as an Ogre Berserker on Feb 21, 2017.
             Was a Believer of Trog.
             Slain by an orc
             ... wielding a +0 short sword
              (3 damage)
             ... on level 3 of the Dungeon.
             The game lasted 00:03:27 (1697 turns).

Morrissey the Cudgeler (Ogre Berserker)             Turns: 1697, Time: 00:03:28

Health: 0/49       AC:  4    Str: 22    XL:     4   Next: 73%
Magic:  4/4        EV: 10    Int:  6    God:    Trog [**....]
Gold:   152        SH:  0    Dex: 10    Spells: 0 memorised, 3 levels left

rFire  x . .     SeeInvis .     a - +0 mace
rCold  + . .     Gourm    .     b - +1 animal skin
rNeg   . . .     Faith    .     (no shield)
rPois  .         Spirit   .     (helmet restricted)
rElec  .         Reflect  .     (no cloak)
rCorr  .         Harm     .     (gloves unavailable)
MR     .....                    (boots unavailable)
Stlth  +.........               (no amulet)
                                (no ring)
                                k - ring of ice

@: exhausted, slowed, very slow
A: unfitting armour, tough skin 1
a: Berserk, Trog's Hand, Burn Spellbooks, Renounce Religion


You were on level 3 of the Dungeon.
You worshipped Trog.
Trog was pleased with you.
You were near starving.

You visited 1 branch of the dungeon, and saw 3 of its levels.

You collected 152 gold pieces.

Inventory:

Hand Weapons
 a - a +0 mace (weapon)
Missiles
 f - 34 stones (quivered)
 g - 19 poisoned needles
Armour
 b - a +1 animal skin (worn)
Jewellery
 k - a ring of ice (left hand)
Scrolls
 i - a scroll of amnesia
 j - 2 scrolls of teleportation {unknown}
Potions
 l - a potion of ambrosia
Comestibles
 c - 2 bread rations
 d - 4 fruits


   Skills:
 + Level 4.5 Fighting
 * Level 5.2 Maces & Flails
 * Level 2.1 Throwing
 + Level 3.2 Dodging


You had 3 spell levels left.
You didn't know any spells.

Dungeon Overview and Level Annotations

Branches:
Dungeon (3/15)

Altars:
Ashenzari
Elyvilon
Nemelex Xobeh

Annotations:
D:3 Jessica, Robin


Innate Abilities, Weirdness & Mutations

You are too large for most types of armour.
You have tough skin. (AC +1)


Message History

The orc hits you with a short sword.
* * * LOW HITPOINT WARNING * * *
The goblin misses you. The goblin hits you with a club.
* * * LOW HITPOINT WARNING * * *
The goblin hits you.
* * * LOW HITPOINT WARNING * * *
The goblin hits you with a club.
* * * LOW HITPOINT WARNING * * *
The goblin hits you but does no damage. x2
As you read the scroll labeled MAEFRU XEUMAED, it crumbles to dust.
It is a scroll of amnesia.
You feel forgetful for a moment. The orc barely misses you.
The goblin hits you with a club.
* * * LOW HITPOINT WARNING * * *
The goblin barely misses you. The crimson imp puffs mist at you.
The goblin barely misses you. The goblin hits you but does no damage.
The goblin closely misses you. The goblin misses you.
The orc hits you with a short sword.
You die...

.......
.......
....( ...
#5### #.@g#
.####g#####
..>.#gog..#
#..gg@g.#
###.ggg.#
##....#
######


You could see Robin, a crimson imp, Jessica, an orc, 3 hobgoblins and 6 goblins.

Vanquished Creatures
  An orc wizard (D:3)
  3 adders
  2 worms (D:2)
  3 dart slugs (D:1)
  An orc (D:3)
  A giant cockroach (D:2)
  7 goblins
  2 hobgoblins
  A kobold (D:2)
  A quokka (D:2)
  8 bats
  3 frilled lizards
  8 rats
41 creatures vanquished.

Vanquished Creatures (others)
  A bat (D:1)
1 creature vanquished.

Grand Total: 42 creatures vanquished

Notes
Turn   | Place    | Note
-------+----------+-------------------------------------------
     0 | D:1      | Morrissey the Ogre Berserker began the quest for the Orb.
     0 | D:1      | Reached XP level 1. HP: 24/24 MP: 1/1
   173 | D:1      | Reached XP level 2. HP: 31/32 MP: 2/2
   440 | D:1      | Reached skill level 1 in Throwing
   756 | D:2      | Reached XP level 3. HP: 26/40 MP: 3/3
   966 | D:2      | Found a white marble altar of Elyvilon.
  1136 | D:2      | Reached ** piety under Trog
  1163 | D:2      | Found a shattered altar of Ashenzari.
  1309 | D:2      | Found a sparkling altar of Nemelex Xobeh.
  1427 | D:2      | Reached XP level 4. HP: 49/49 MP: 4/4
  1657 | D:3      | Noticed Jessica
  1667 | D:3      | Reached skill level 5 in Maces & Flails
  1668 | D:3      | Noticed Robin
  1697 | D:3      | Slain by an orc

Skill      XL: |  1  2  3  4 |
---------------+-------------+-----
Throwing       | 1 2 |  2.1
Dodging        | 3 |  3.2
Maces & Flails | 5 |  5.2
Fighting       | |  4.5

Action                   |  1- 3 |  4- 6 || total
-------------------------+-------+-------++-------
Melee: Mace              |   114 |    27 ||   141
Throw: Stone             |    19 |     5 ||    24
Invok: Berserk           |     3 |     1 ||     4
       Trog's Hand       |       |     1 ||     1
  Use: Scroll            |       |     2 ||     2
       Potion            |       |     2 ||     2
 Stab: Sleeping          |     1 |       ||     1
  Eat: Chunk             |     5 |       ||     5
Armor: Animal skin       |    54 |    20 ||    74
Dodge: Dodged            |    89 |    64 ||   153
